AoeStats
← MattAtArms

Arabia

504076184Analyzed
1v1 RM · 29d ago on Sep 3, 2026· 22m 24s· 2 players
Game mode
Random Map
Map size
Tiny (2 player)
Population
200
Speed
Normal
Resources
Standard
Victory
Conquest
Starting age
Dark Age
Ending age
Imperial Age
RankedLock teamsTeams togetherTeam positionsShared explorationLock speedFull tech treeHidden civsTurbo modeCheats
Victory
Defeat
🇬🇧 Chinese · United Kingdom
1903
+17
🇩🇪 Vikings · Germany
1932
-17
MattAtArms
0:25 Loom
8:29 Feudal Age
9:01 Double-Bit Axe
11:30 Fletching
19:52 Castle Age
18:07 Padded Archer Armor
18:03 Gold Mining
18:40 Padded Archer Armor
18:24 Horse Collar
20:03 Crossbowman
20:40 Bodkin Arrow
20:56 Bow Saw
22:14 Ballistics
Der Klosterschüler
5:56 Loom
9:12 Feudal Age
13:19 Double-Bit Axe
20:06 Castle Age
18:04 Fletching
18:49 Padded Archer Armor
19:37 Gold Mining
20:23 Crossbowman
21:01 Bodkin Arrow
Connection lost

Rejoining the realm…

Still unreachable

The connection could not be restored.

Session expired

The server has moved on; the page needs a fresh start.